 Dungeon Crawl Stone Soup version 0.18.1-8-gdd0e5ea (webtiles) character file.

24 Hipnos the Magician (level 2, 0/19 HPs)
             Began as a Mummy Wizard on May 21, 2016.
             Slain by a jackal (1 damage)
             ... on level 1 of the Dungeon.
             The game lasted 00:05:05 (590 turns).

Hipnos the Magician (Mummy Wizard)                   Turns: 590, Time: 00:05:06

Health: 0/19       AC:  3    Str: 10    XL:     2   Next: 79%
Magic:  0/6        EV: 12    Int: 17    God:
Gold:   69         SH:  0    Dex: 10    Spells: 2 memorised, 4 levels left

rFire  x . .     SeeInvis .     e - +0 spear
rCold  + . .     Gourm    .     a - +0 robe
rNeg   + + +     Faith    .     (no shield)
rPois  ∞         Spirit   .     b - +0 hat
rElec  .         Dismiss  .     (no cloak)
rCorr  .         Reflect  .     g - +0 pair of gloves
SustAt .         Harm     .     (no boots)
MR     .....                    (no amulet)
Stlth  ++........               (no ring)
                                (no ring)

@: not resistant to hostile enchantments, unstealthy
A: no food or potions, fire vulnerability, cold resistance 1, negative energy
resistance 3, torment resistance, unbreathing
a: no special abilities


You were on level 1 of the Dungeon.
You were not hungry.

You visited 1 branch of the dungeon, and saw 1 of its levels.

You collected 69 gold pieces.

Inventory:

Hand Weapons
 d - a +0 dagger
 e - a +0 spear (weapon)
Armour
 a - a +0 robe (worn)
 b - a +0 hat (worn)
 g - a +0 pair of gloves (worn)
Books
 c - a book of Minor Magic

   Spells                             Type                      Level
   a - Magic Dart                     Conjuration                  1
   b - Blink                          Translocation                2
   c - Call Imp                       Summoning                    2
   d - Repel Missiles                 Charms/Air                   2
   e - Slow                           Hexes                        2
   f - Conjure Flame                  Conjuration/Fire             3
   g - Mephitic Cloud                 Conjuration/Poison/Air       3


   Skills:
 + Level 0.1 Polearms
 - Level 1.7 Dodging
 - Level 1.5 Stealth
 - Level 3.0 Spellcasting
 + Level 1.5 Conjurations
 * Level 1.5 Summonings
   Level 0.7 Translocations


You had 4 spell levels left.
You knew the following spells:

 Your Spells              Type           Power        Failure   Level  Hunger
a - Magic Dart            Conj           #...         12%         1    N/A
b - Call Imp              Summ           #.......     17%         2    N/A

Dungeon Overview and Level Annotations

Branches:
Dungeon (1/15)

Altars:


Innate Abilities, Weirdness & Mutations

You do not eat or drink.
Your flesh is vulnerable to fire.
You are immune to poison.
Your flesh is cold resistant.
You are immune to negative energy.
You are immune to unholy pain and torment.
You can survive without breathing.


Message History

Your crimson imp blinks!
Something hits your shadow imp. The jackal barely misses you.
The jackal bites you but does no damage.
The jackal bites you.
* * * LOW HITPOINT WARNING * * *
Casting: Call Imp
Confirm with . or Enter, or press ? or * to list all spells.
A beastly little devil appears in a puff of flame.
Your shadow imp barely misses the hobgoblin.
Your crimson imp blinks!
The jackal bites you but does no damage.
The jackal bites you.
* * * LOW HITPOINT WARNING * * *
Read which item? (? for menu, Esc to quit)
As you read the scroll labeled NIUHYVUISE, it crumbles to dust.
It is a scroll of identify.
You don't have any unidentified items.
The jackal bites you but does no damage.
The jackal bites you.
You die...

.......##>...#####....####....>..
......................!)((..)....
.....###.##.########..####.......
.....##......# ###..# #.......
####.........#####....# #.......
###.......#.....#.## #.######
##.............!#####.######
#........#.##.###.........#
...#.##..h@...# #.........#
......#...h.#..# #.........#
......#..g#....###.........#
.........####....#.........#
........5..##.)............#
.......g..................# .
....#..5..................# ...
##.#.#......###!..........#
##.###.#..#55...####..........#


You could see 2 jackals, a goblin and a friendly crimson imp.

Vanquished Creatures
  A giant gecko (D:1)
  A giant cockroach (D:1)
  3 goblins (D:1)
  A hobgoblin (D:1)
  2 kobolds (D:1)
  A rat (D:1)
9 creatures vanquished.

Vanquished Creatures (collateral kills)
  A gnoll (D:1)
  3 bats (D:1)
  A giant cockroach (D:1)
  4 goblins (D:1)
  A jackal (D:1)
  A kobold (D:1)
11 creatures vanquished.

Grand Total: 20 creatures vanquished

Notes
Turn   | Place    | Note
--------------------------------------------------------------
     0 | D:1      | Hipnos the Mummy Wizard began the quest for the Orb.
     0 | D:1      | Reached XP level 1. HP: 13/13 MP: 4/4
    64 | D:1      | Reached skill level 1 in Conjurations
   187 | D:1      | Reached XP level 2. HP: 9/19 MP: 0/6
   244 | D:1      | Learned a level 2 spell: Call Imp
   393 | D:1      | Reached skill level 1 in Summonings
   590 | D:1      | Slain by a jackal

Skill      XL: |  1  2 |
---------------+-------+-----
Conjurations   | 1 |  1.5
Summonings     | 1 |  1.5
Polearms       | |  0.1
Dodging        | |  1.7
Stealth        | |  1.5
Spellcasting   | |  3.0
Translocations | |  0.7

Action                   || total
-------------------------++-------
Melee: Dagger            ||    12
       Unarmed           ||     5
       Spear             ||    12
 Cast: Magic Dart        ||    13
       Call Imp          ||     9
  Use: Scroll            ||     1
Armor: Robe              ||    13
Dodge: Dodged            ||    34
